 Dungeon Crawl Stone Soup version 0.30-a0-937-ga0a21ad780 (webtiles) character file.

Game seed: 13759861817164283480

182302 Pooter the Severer (level 17, -9/160 HPs)
             Began as a Minotaur Berserker on Mar 23, 2023.
             Was a High Priest of Trog.
             Killed from afar by a Hell Sentinel (49 damage)
             ... with an iron shot
             ... summoned by a deep elf demonologist
             ... on level 3 of the Elven Halls on Mar 24, 2023.
             The game lasted 03:24:35 (37081 turns).

Pooter the Severer (Minotaur Berserker)            Turns: 37081, Time: 03:24:36

Health: -9/160     AC: 27    Str: 29    XL:     17   Next: 70%
Magic:  16/16      EV:  8    Int:  4    God:    Trog [*****.]
Gold:   1421       SH: 17    Dex: 11    Spells: 16/16 levels left

rFire   + . .      SeeInvis +    b - +3 hand crossbow (freeze)
rCold   + . .      Faith    .    z - +5 Storm Queen's Shield {shock, Fly rElec}
rNeg    + + .      Spirit   .    x - +8 plate armour
rPois   .          Reflect  .    l - +1 hat
rElec   +          Rampage  .    Y - scarf {rC+ rF+}
rCorr   .          Clarity  +    g - +1 pair of gloves
Will    ++++.                    (no boots) Stlth
                                 s - amulet of the Four Winds {rN+ Will+++ Clar}
HPRegen 0.46/turn                S - ring of see invisible
MPRegen 0.15/turn                N - ring of positive energy

@: flying
A: horns 2, retaliatory headbutt
a: Renounce Religion, Berserk, Trog's Hand, Brothers in Arms


You were on level 3 of the Elven Halls.
You worshipped Trog.
Trog was extremely pleased with you.
You visited 4 branches of the dungeon, and saw 25 of its levels.
You also visited: Gauntlet.

You collected 3095 gold pieces.
You spent 1674 gold pieces at shops.

Inventory:

Hand Weapons
 a - a +6 heavy broad axe
   (Trog gifted it to you on level 5 of the Lair of Beasts)
 b - a +3 hand crossbow of freezing (weapon)
   (You acquired it on level 9 of the Dungeon)
 q - a +3 antimagic executioner's axe
   (Trog gifted it to you on level 11 of the Dungeon)
 R - the +3 battleaxe of Checkmate {antimagic, SInv}
   (Trog gifted it to you on level 2 of the Elven Halls)

   SInv:      It lets you see invisible.
 U - the +7 morningstar "Widowermaker" {heavy, rElec rC+ Str+3}
   (You took it off a deep elf annihilator on level 2 of the Elven Halls)

   Str:       It affects your strength (+3).
   rC:        It protects you from cold.
   rElec:     It insulates you from electricity.
Missiles
 e - 3 silver boomerangs
 J - 6 curare-tipped darts
 K - 9 javelins
 W - 16 boomerangs
Armour
 g - a +1 pair of gloves (worn)
   (You found it on level 11 of the Dungeon)
 l - a +1 hat (worn)
   (You found it in a Gauntlet)
 x - a +8 plate armour (worn)
   (You took it off a kobold brigand on level 7 of the Dungeon)
 z - the +5 Storm Queen's Shield (worn) {shock, Fly rElec}
   (You found it on level 11 of the Dungeon)

   Shock:     When it blocks an attack, it may electrocute the attacker.
   This works even against foes who are a short distance away.
   rElec:     It insulates you from electricity.
   Fly:       It grants you flight.
 X - a +1 cloak of willpower
   (You found it in a Gauntlet)
 Y - a scarf of resistance (worn)
   (You found it in a Gauntlet)
Jewellery
 j - a +4 ring of protection
   (You found it on level 1 of the Dungeon)
 m - an amulet of reflection
   (You found it on level 2 of the Dungeon)
 s - the amulet of the Four Winds (around neck) {rN+ Will+++ Clar}
   (You bought it in a shop on level 2 of the Orcish Mines)

   [amulet of nothing]

   rN:        It protects you from negative energy.
   Clar:      It protects you against confusion.
   Will:      It greatly increases your willpower.
 F - a ring of protection from fire
   (You found it on level 11 of the Dungeon)
 L - a ring of protection from cold
   (You found it on level 7 of the Dungeon)
 N - a ring of positive energy (right hand)
   (You found it on level 15 of the Dungeon)
 P - a ring of poison resistance
   (You bought it in a shop on level 2 of the Orcish Mines)
 S - a ring of see invisible (left hand)
   (You bought it in a shop on level 2 of the Orcish Mines)
 V - the ring "Hunompuj" {Int+4 Dex+6}
   (You took it off a deep elf sorcerer on level 3 of the Elven Halls)

   [ring of dexterity]

   Int:       It affects your intelligence (+4).
   Dex:       It affects your dexterity (+6).
 Z - an amulet of regeneration
   (You found it in a Gauntlet)
Wands
 d - a wand of iceblast (29)
   (You found it on level 1 of the Lair of Beasts)
 f - a wand of flame (31)
   (You found it on level 8 of the Dungeon)
 u - a wand of paralysis (13)
   (You found it on level 9 of the Dungeon)
 B - a wand of quicksilver (6)
   (You took it off an orc wizard on level 8 of the Dungeon)
 I - a wand of mindburst (1)
   (You found it on level 11 of the Dungeon)
 T - a wand of polymorph (16)
   (You found it on level 8 of the Dungeon)
Scrolls
 h - 3 scrolls of fear
 i - 3 scrolls of identify {@r1}
 r - 4 scrolls of immolation {!r}
 t - 9 scrolls of teleportation {@r4}
 y - 2 scrolls of silence
 D - 2 scrolls of magic mapping
 G - 2 scrolls of fog
Potions
 c - 7 potions of attraction {!q}
 k - a potion of mutation {!q}
 n - a potion of invisibility
 o - 8 potions of heal wounds {@q2}
 p - 11 potions of curing {@q1}
 v - 4 potions of resistance
 A - 3 potions of flight
 E - 4 potions of might
 H - 2 potions of ambrosia
 M - 6 potions of lignification {!q}
Miscellaneous
 w - a condenser vane
   (You found it on level 10 of the Dungeon)
 O - a tin of tremorstones (2/2)
   (You found it on level 1 of the Lair of Beasts)
 Q - a phantom mirror (inert)
   (You found it on level 10 of the Dungeon)


   Skills:
 + Level 16.6 Fighting
 - Level 18.8 Axes
 - Level 18.0 Ranged Weapons
 + Level 3.3 Throwing
 * Level 12.2 Armour
 + Level 4.4 Dodging
 + Level 3.0 Stealth
 * Level 13.5 Shields
 - Level 10.6 Evocations


You had 16 spell levels left.
You didn't know any spells.
Your spell library was empty.

Dungeon Overview and Level Annotations

Branches:
Dungeon (15/15)            Temple (0/1) D:4            Lair (5/5) D:9
  Swamp (0/4) Lair:3       Spider (0/4) Lair:2        Slime (0/5) Lair:5
    Orc (2/2) D:11            Elf (3/3) Orc:2        Vaults (0/5) D:14
 Depths (0/4) D:15        Gauntlet (visited)

Altars:
Ashenzari
Cheibriados
Elyvilon
Fedhas
Hepliaklqana
Kikubaaqudgha
Makhleb
Okawaru
Qazlal
Ru
Sif Muna
Trog
Wu Jian
Xom
Yredelemnul
Zin
Jiyva

Shops:
D:3 *   D:5 [   D:8 *   Orc:1 =   Orc:2 *((=   Elf:2 :   Elf:3 ==:

Portals:
Trove: D:12 (give 11 potions of heal wounds)

Annotations:
D:10 2 runed translucent doors
D:14 2 transporters, Qesae's ghost, journeyman FeSu
Elf:2 3 runed translucent doors


Innate Abilities, Weirdness & Mutations

You have a pair of horns on your head.
You reflexively headbutt those who attack you in melee.


Message History

You shout for attention!
You start waiting.
A deep elf demonologist comes into view.
It is wielding a +0 short sword of venom.
Aim: a deep elf demonologist, wielding a +0 short sword of venom and wearing a +0 chain mail (73% to hit)
The bolt of dispelling energy misses the deep elf demonologist.
Aim: a deep elf demonologist, wielding a +0 short sword of venom and wearing a +0 chain mail (73% to hit)
The bolt of dispelling energy misses the deep elf demonologist.
Aim: a deep elf demonologist, wielding a +0 short sword of venom and wearing a +0 chain mail (73% to hit)
The bolt of dispelling energy hits the deep elf demonologist!!
The deep elf demonologist mumbles some strange words.
Aim: a deep elf demonologist, wielding a +0 short sword of venom and wearing a +0 chain mail (moderately wounded, 73% to hit)
The bolt of dispelling energy hits the deep elf demonologist!!
The deep elf demonologist gestures wildly while chanting.
Aim: a deep elf demonologist, wielding a +0 short sword of venom and wearing a +0 chain mail (almost dead, 73% to hit)
The bolt of dispelling energy misses the deep elf demonologist.
The deep elf demonologist casts a spell.
Aim: a deep elf demonologist, wielding a +0 short sword of venom and wearing a +0 chain mail (almost dead, 73% to hit)
The bolt of dispelling energy misses the deep elf demonologist.
The bolt of dispelling energy hits the Ice Fiend!!
Throw: 3 javelins (silver)
Aim: a deep elf demonologist, wielding a +0 short sword of venom and wearing a +0 chain mail (severely wounded, 63% to hit)
You throw a silver javelin.
The silver javelin pierces through the red devil!
The silver javelin pierces through the deep elf demonologist but does no damage.
The silver javelin pierces through the Ice Fiend but does no damage.
Throw: 2 javelins (silver)
Aim: a deep elf demonologist, wielding a +0 short sword of venom and wearing a +0 chain mail (severely wounded, 63% to hit)
You throw a silver javelin.
The silver javelin pierces through the deep elf demonologist.
You block the red devil's attack.
The Ice Fiend calls on the powers of darkness!
The deep elf demonologist convulses!
Your body is wracked with pain!
The deep elf demonologist casts a spell.
Throw: javelin (silver)
Aim: a deep elf demonologist, wielding a +0 short sword of venom and wearing a +0 chain mail (almost dead, 63% to hit)
You throw a silver javelin.
The silver javelin completely misses the deep elf demonologist.
The red devil hits you but does no damage.
The Hell Sentinel gestures at you.
The sphere of damnation explodes!
The damnation engulfs you!!
* * * LOW HITPOINT WARNING * * *
The Ice Fiend calls on the powers of darkness!
The deep elf demonologist convulses!
Your body is wracked with pain!
* * * LOW HITPOINT WARNING * * *
You block the red devil's attack.
Your shield discharges, shocking the red devil!
The red devil closely misses you. The Hell Sentinel gestures at you.
The iron shot hits you!!!
You die...

###...#################..###+#.)'
..#...#................(.....#.)#
..#...#....).................#.)#
..#...#...[[.................#..#
..#...#...#'#####..'...###...#..#
..#...#...#........1..(..#...#..#
..#...#..)#...)..14......#...#..#
..#...#.).#.......[......#...#..#
..#...#...#.....@e.2.....#...#..#
..#...#...#####)....######...#..#
..#...#......)............#.#.#.#
..#...#........[.................
..#...#...................#.#.#.#
..#...#...###+############......<
..#...#...#..............##.#.#.#
..#...'...#..............#.......
..#...#...#..............##.#.#.#


You could see a Hell Sentinel (summoned), an Ice Fiend (summoned), a deep elf
demonologist, a tormentor (summoned) and a red devil (summoned).

Vanquished Creatures
  Jorgrun (D:15)
  2 deep elf blademasters
  A deep elf master archer (Elf:3)
  2 deep elf elementalists (Elf:3)
  4 deep elf sorcerers
  3 deep elf demonologists (Elf:3)
  5 deep elf annihilators
  A minotaur (Gauntlet)
  4 deep elf death magi
  Josephine (D:10)
  A fire dragon (D:10)
  2 deep elf high priests
  The ghost of Pugak the Thaumaturge, a journeyman DECj of Vehumet (Lair:3)
  An ogre mage (D:14)
  4 hydras
  A rakshasa (D:14)
  5 vault guards
  6 centaur warriors
  A spriggan skeleton (D:15)
  Erica (Lair:2)
  9 boulder beetles
  3 death knights
  7 dancing weapons
  13 death yaks
  4 two-headed ogres
  5 orc high priests (Orc:2)
  5 tengu warriors
  A fire crab (shapeshifter) (D:14)
  11 deep elf knights
  A fire crab (Lair:4)
  2 skysharks (Lair:5)
  7 skeletal warriors
  A swamp dragon (shapeshifter) (D:14)
  14 deep elf archers
  A flayed ghost (D:15)
  A necromancer (D:15)
  An orc sorcerer (Elf:1)
  8 orc knights
  32 deep elf pyromancers
  A tengu zombie (D:15)
  24 deep elf zephyrmancers
  21 ugly things
  An oklob plant (Lair:3)
  A wolf spider (Gauntlet)
  12 cyclopes
  7 manticores
  A moth of wrath (Gauntlet)
  3 black mambas
  3 vault sentinels (Elf:2)
  An iron dragon skeleton (D:15)
  13 cane toads
  Joseph (D:7)
  13 elephants
  An eye of devastation (shapeshifter) (D:14)
  3 gargoyles
  A torpor snail (Lair:1)
  An unseen horror (shapeshifter) (Elf:3)
  An unseen horror (D:12)
  3 rime drakes
  7 komodo dragons
  2 kobold demonologists
  An ice devil (Gauntlet)
  2 efreet (D:14)
  6 freezing wraiths
  3 tengu conjurers
  3 meliai (D:15)
  2 polar bears
  11 trolls
  4 hornets
  Prince Ribbit (D:5)
  21 dream sheep
  8 blink frogs
  11 slime creatures (D:14)
  Sigmund (D:4)
  3 air elementals
  12 spriggans
  A shadow (D:11)
  4 wyverns
  11 wraiths
  53 yaks
  6 fire elementals
  A human (D:12)
  7 water elementals
  A vampire (D:7)
  6 basilisks
  7 vampire mosquitoes
  A hog (D:12)
  3 redbacks (Gauntlet)
  2 steam dragons
  A warg (Orc:2)
  2 acid dragons
  A glowing shapeshifter zombie (D:15)
  18 water moccasins
  4 ice beasts
  36 orc warriors
  A sky beast (D:8)
  8 black bears
  4 boggarts (Lair:5)
  7 centaurs
  7 ogres
  41 wolves
  4 kobold brigands (D:7)
  14 bullfrogs
  8 gnoll sergeants
  3 scorpions
  7 wights (D:9)
  3 earth elementals
  9 killer bees
  4 electric eels (D:12)
  9 howler monkeys
  37 orc priests
  3 sleepcaps
  4 gnoll boudas
  5 hounds
  6 iguanas
  18 orc wizards
  3 hell rats (Lair:4)
  38 gnolls
  3 adders (D:5)
  8 river rats (Lair:4)
  A shadow imp (D:6)
  4 white imps
  An ufetubus (D:6)
  A worm (D:5)
  A dart slug (D:4)
  61 orcs
  8 ball pythons
  12 endoplasms
  2 giant cockroaches (D:1)
  7 goblins
  15 hobgoblins
  8 jackals
  31 kobolds
  8 quokkas
  7 bats
  2 frilled lizards (D:1)
  11 rats
982 creatures vanquished.

Vanquished Creatures (collateral kills)
  A basilisk (Lair:4)
  A boggart (Lair:5)
2 creatures vanquished.

Vanquished Creatures (others)
  A deep elf knight (Elf:2)
  3 deep elf pyromancers
  19 fungi
  34 plants
  3 withered plants (D:15)
60 creatures vanquished.

Grand Total: 1044 creatures vanquished

Notes
Turn   | Place    | Note
-------+----------+-------------------------------------------
     0 | D:1      | Pooter the Minotaur Berserker began the quest for the Orb.
     0 | D:1      | Reached XP level 1. HP: 19/19 MP: 0/0
   135 | D:1      | Reached XP level 2. HP: 27/27 MP: 1/1
   560 | D:1      | Reached ** piety under Trog
   639 | D:2      | Reached XP level 3. HP: 33/33 MP: 2/2
   783 | D:2      | Reached skill level 5 in Axes
   949 | D:2      | Found a shimmering blue altar of Sif Muna.
  1261 | D:3      | Found a faded altar of an unknown god.
  1292 | D:3      | Found Vemucuol's General Store.
  1300 | D:3      | Bought a scroll of identify for 28 gold pieces
  1300 | D:3      | Bought a scroll of identify for 28 gold pieces
  1455 | D:3      | Found a burning altar of Makhleb.
  1482 | D:3      | Reached XP level 4. HP: 41/41 MP: 3/3
  1489 | D:3      | Reached *** piety under Trog
  1670 | D:4      | Noticed an ogre
  1671 | D:4      | Noticed Sigmund
  1727 | D:3      | Killed an ogre
  1728 | D:3      | Reached skill level 5 in Fighting
  1728 | D:3      | Reached XP level 5. HP: 43/48 MP: 4/4
  2064 | D:4      | Found a staircase to the Ecumenical Temple.
  2492 | D:4      | Reached XP level 6. HP: 56/56 MP: 5/5
  2873 | D:4      | Reached skill level 1 in Ranged Weapons
  3211 | D:4      | Killed Sigmund
  3212 | D:4      | Reached XP level 7. HP: 62/62 MP: 6/6
  3358 | D:5      | Entered Level 5 of the Dungeon
  3541 | D:5      | Noticed Prince Ribbit
  3559 | D:5      | Killed Prince Ribbit
  3819 | D:5      | Found Arido's Antique Armour Shop.
  4070 | D:5      | Found a shimmering altar of Xom.
  4070 | D:5      | Found a snail-covered altar of Cheibriados.
  4118 | D:6      | Reached XP level 8. HP: 60/71 MP: 7/7
  4133 | D:6      | Reached **** piety under Trog
  4281 | D:6      | Reached skill level 5 in Ranged Weapons
  5186 | D:7      | Reached skill level 10 in Axes
  5509 | D:7      | Reached XP level 9. HP: 80/80 MP: 8/8
  5707 | D:7      | Noticed Joseph
  5722 | D:7      | Killed Joseph
  5960 | D:7      | Identified the +5 battleaxe "Soggiag" {protect, Int+2}
  6442 | D:3      | Bought a scroll of enchant armour for 105 gold pieces
  6442 | D:3      | Bought 2 potions of heal wounds for 140 gold pieces
  6569 | D:7      | Found an iron altar of Okawaru.
  6786 | D:7      | Found an ornate altar of the Wu Jian Council.
  7098 | D:8      | Found an ancient bone altar of Kikubaaqudgha.
  7257 | D:8      | Reached XP level 10. HP: 91/91 MP: 9/9
  7292 | D:8      | Found Zin's Purification Station.
  7292 | D:8      | Found a glowing silver altar of Zin.
  7966 | D:9      | Identified a scroll of acquirement
  7966 | D:9      | Acquired a +0 hand crossbow of freezing
  7996 | D:9      | Reached skill level 1 in Evocations
  8003 | D:9      | Noticed a death yak
  8006 | D:9      | Reached skill level 10 in Ranged Weapons
  8110 | D:9      | Killed a death yak
  8179 | D:9      | Noticed a fire crab
  8181 | D:9      | Noticed a cyclops
  8183 | D:9      | Noticed a tengu warrior
  8199 | D:9      | Noticed a death yak
  8209 | D:9      | Noticed a death yak
  8210 | D:9      | Killed a death yak
  8211 | D:9      | Reached skill level 10 in Fighting
  8223 | D:9      | Killed a death yak
  8224 | D:9      | Reached XP level 11. HP: 93/99 MP: 10/10
  8265 | D:9      | Found a staircase to the Lair.
  8334 | D:9      | Noticed a two-headed ogre
  8345 | D:9      | Killed a two-headed ogre
  8483 | D:9      | Found a blossoming altar of Fedhas.
  8641 | D:9      | Found a broken altar of Ashenzari.
  8689 | D:9      | Found a bloodstained altar of Trog.
  8744 | D:9      | Found a sacrificial altar of Ru.
  8791 | D:10     | Entered Level 10 of the Dungeon
  8833 | D:10     | Noticed Josephine
  8979 | D:10     | Found a stormy altar of Qazlal.
  9047 | D:10     | Found a large runed translucent door.
  9048 | D:10     | Found a large runed translucent door.
  9054 | D:10     | Noticed a death knight
  9101 | D:10     | Noticed a boulder beetle
  9103 | D:10     | Noticed a boulder beetle
  9114 | D:10     | Killed a boulder beetle
  9115 | D:10     | Killed a boulder beetle
  9145 | D:10     | Identified the amulet "Ecrenomp" {-Tele Will+ Regen+ Dex+2
                  | Stlth+}
  9400 | D:10     | Found a large runed translucent door.
  9400 | D:10     | Found a large runed translucent door.
  9672 | D:10     | Found a white marble altar of Elyvilon.
  9727 | D:10     | Found a basalt altar of Yredelemnul.
 10011 | D:10     | Noticed a fire dragon
 10021 | D:10     | Killed a fire dragon
 10024 | D:10     | Reached ***** piety under Trog
 10154 | Lair:1   | Entered Level 1 of the Lair of Beasts
 10602 | D:3      | Bought a scroll of enchant weapon for 105 gold pieces
 10882 | Lair:1   | Reached skill level 15 in Axes
 10900 | Lair:1   | Reached XP level 12. HP: 109/110 MP: 11/11
 10945 | Lair:1   | Noticed a boulder beetle
 10962 | Lair:1   | Killed a boulder beetle
 11188 | Lair:1   | Reached skill level 5 in Evocations
 11501 | Lair:2   | Found a gate leading to a gauntlet.
 11510 | Gauntlet | Entered a Gauntlet
 11510 | Gauntlet | Found a transporter.
 11510 | Gauntlet | Found a large runed translucent door.
 11510 | Gauntlet | Found a large runed translucent door.
 11510 | Gauntlet | Found a large runed translucent door.
 11510 | Gauntlet | Found a large runed translucent door.
 11510 | Gauntlet | Found a runed translucent door.
 11510 | Gauntlet | Found a runed translucent door.
 11510 | Gauntlet | Found a large runed translucent door.
 11510 | Gauntlet | Found a large runed translucent door.
 11510 | Gauntlet | Found a large runed translucent door.
 11510 | Gauntlet | Found a large runed translucent door.
 11510 | Gauntlet | Found a large runed translucent door.
 11510 | Gauntlet | Found a large runed translucent door.
 11511 | Gauntlet | Found a large runed translucent door.
 11511 | Gauntlet | Found a large runed translucent door.
 11512 | Gauntlet | Found a large runed translucent door.
 11512 | Gauntlet | Found a large runed translucent door.
 11512 | Gauntlet | Found a large runed translucent door.
 11512 | Gauntlet | Found a large runed translucent door.
 11523 | Gauntlet | Found a transporter.
 11531 | Gauntlet | Noticed a tengu warrior
 11563 | Gauntlet | Found a runed translucent gate.
 11563 | Gauntlet | Found a runed translucent gate.
 11563 | Gauntlet | Found a runed translucent gate.
 11566 | Gauntlet | Found a transporter.
 11575 | Gauntlet | Found a transporter.
 11575 | Gauntlet | Found a transporter.
 11588 | Gauntlet | Found a transporter.
 11595 | Gauntlet | Noticed a great orb of eyes
 11631 | Gauntlet | Found a transporter.
 11640 | Gauntlet | Found a transporter.
 11649 | Gauntlet | Killed a tengu warrior
 11693 | Gauntlet | Found a transporter.
 11708 | Gauntlet | Noticed a death yak
 11714 | Gauntlet | Noticed a death yak
 11716 | Gauntlet | Noticed a death yak
 11717 | Gauntlet | Noticed a death yak
 11719 | Gauntlet | Noticed a death yak
 11755 | Gauntlet | Found a transporter.
 11755 | Gauntlet | Found a transporter.
 11958 | Gauntlet | Found a transporter.
 11964 | Gauntlet | Noticed a minotaur
 11975 | Gauntlet | Killed a minotaur
 12052 | Gauntlet | Found a transporter.
 12138 | Lair:2   | Found a hole to the Spider Nest.
 12182 | Lair:2   | Noticed Erica
 12191 | Lair:2   | Killed Erica
 12267 | Lair:2   | Noticed a five-headed hydra
 12276 | Lair:2   | Killed a seven-headed hydra
 12549 | Lair:2   | Reached XP level 13. HP: 112/118 MP: 12/12
 13173 | Lair:3   | Found a staircase to the Swamp.
 13536 | Lair:3   | Found a transporter.
 13538 | Lair:3   | Found a transporter.
 13545 | Lair:3   | Noticed Pugak's ghost (journeyman DECj)
 13587 | Lair:3   | Killed Pugak's ghost
 13812 | Lair:3   | Found the +7 Spriggan's Knife {stab, EV+4 Stlth+}
 14537 | Lair:4   | Reached skill level 15 in Ranged Weapons
 15609 | Lair:5   | Entered Level 5 of the Lair of Beasts
 15820 | Lair:5   | Reached XP level 14. HP: 129/129 MP: 13/13
 16176 | Lair:5   | Received a gift from Trog
 16514 | Lair:5   | Reached skill level 5 in Armour
 17451 | Lair:5   | Found a staircase to the Slime Pits.
 17451 | Lair:5   | Found a viscous altar of Jiyva.
 17886 | D:10     | Killed Josephine
 18018 | D:11     | Found the +5 Storm Queen's Shield {shock, Fly rElec}
 18146 | D:11     | Identified the +6 rapier of Jeyloicsixt {heavy, rC+ Will+
                  | Int+2 Dex+2}
 18214 | D:11     | Reached skill level 1 in Shields
 18767 | D:11     | Found a staircase to the Orcish Mines.
 19029 | Orc:1    | Entered Level 1 of the Orcish Mines
 19038 | D:11     | Received a gift from Trog
 20339 | Orc:1    | Found Misim's Jewellery Shop.
 20402 | Orc:2    | Entered Level 2 of the Orcish Mines
 20715 | Orc:2    | Found a staircase to the Elven Halls.
 25663 | Orc:2    | Reached XP level 15. HP: 125/138 MP: 14/14
 25683 | Orc:2    | Found Cuan's Weapon Boutique.
 25684 | Orc:2    | Found Xudimo's Weapon Shop.
 25685 | Orc:2    | Found Fecumoj's Jewellery Boutique.
 25687 | Orc:2    | Found Paqezorr's General Store.
 25956 | Orc:2    | Bought 2 boomerangs for 60 gold pieces
 25957 | Orc:2    | Bought a wand of iceblast (3) for 100 gold pieces
 25957 | Orc:2    | Bought a scroll of fear for 56 gold pieces
 25960 | Orc:2    | Bought a ring of poison resistance for 220 gold pieces
 25960 | Orc:2    | Bought the amulet of the Four Winds {rN+ Will+++ Clar} for
                  | 667 gold pieces
 25960 | Orc:2    | Bought a ring of see invisible for 165 gold pieces
 25960 | Orc:2    | Found the amulet of the Four Winds {rN+ Will+++ Clar}
 25965 | Orc:2    | Upgraded the game from 0.30-a0-930-gb9d0489357 to
                  | 0.30-a0-937-ga0a21ad780
 26504 | D:12     | Reached skill level 5 in Shields
 26616 | D:12     | Found a portal to a secret trove of treasure.
 27300 | D:13     | Found a shimmering blue altar of Sif Muna.
 28641 | D:14     | Found a gate to the Vaults.
 28691 | D:14     | Reached XP level 16. HP: 147/147 MP: 15/15
 28805 | D:14     | Identified the +5 halberd "Ystifor" {venom, rN+}
 28810 | D:14     | Identified the +7 sling "Subbob" {drain, rElec rC- Dex+4}
 28951 | D:14     | Reached skill level 15 in Fighting
 29088 | D:14     | Found a hazy altar of Hepliaklqana.
 29294 | D:14     | Found a transporter.
 29298 | D:14     | Identified the +4 mace of Weak Offence {spect, rF+ rC+
                  | rN++}
 29299 | D:14     | Identified the +0 ring mail of the Meadowlark {+Inv Str-3
                  | Dex+8 Slay+5}
 29299 | D:14     | Noticed Qesae's ghost (journeyman FeSu)
 29329 | D:14     | Found a bloodstained altar of Trog.
 29329 | D:14     | Found a transporter.
 29466 | D:15     | Entered Level 15 of the Dungeon
 29783 | D:15     | Noticed Jorgrun
 29798 | D:15     | Killed Jorgrun
 30547 | D:15     | Found a staircase to the Depths.
 30570 | D:15     | Reached skill level 10 in Shields
 30866 | Elf:1    | Entered Level 1 of the Elven Halls
 30877 | Elf:1    | Reached skill level 10 in Evocations
 31208 | Elf:1    | Received a gift from Trog
 32221 | Elf:2    | Paralysed by an air elemental for 1 turns
 32224 | Elf:2    | Reached skill level 10 in Armour
 32228 | Elf:2    | Paralysed by an air elemental for 1 turns
 33731 | Elf:1    | Reached XP level 17. HP: 136/158 MP: 16/16
 33871 | Elf:2    | Identified the +3 battleaxe of Checkmate {antimagic, SInv}
                  | (Trog gifted it to you on level 2 of the Elven Halls)
 33871 | Elf:2    | Received a gift from Trog
 34217 | Elf:2    | Found Fiwnud's Tremendous Tomes.
 34404 | Elf:2    | Found a runed translucent gate.
 34406 | Elf:2    | Found a runed translucent gate.
 34410 | Elf:2    | Found a runed translucent gate.
 34486 | Elf:2    | Reached skill level 1 in Throwing
 34492 | Elf:2    | Reached skill level 1 in Stealth
 34746 | Elf:3    | Entered Level 3 of the Elven Halls
 35071 | Elf:3    | Found Viov's Jewellery Shop.
 35077 | Elf:3    | Found Goyqas's Jewellery Shop.
 35083 | Elf:3    | Found Zuwnaon's Book Emporium.
 35123 | Elf:3    | Paralysed by an air elemental for 1 turns
 36017 | Elf:3    | Received a gift from Trog
 36151 | Elf:3    | Noticed a deep elf blademaster
 36161 | Elf:3    | Noticed a Hell Sentinel
 36161 | Elf:3    | Killed a deep elf blademaster
 36163 | Elf:3    | Noticed a Tzitzimitl
 36166 | Elf:3    | Killed a deep elf master archer
 36169 | Elf:3    | Killed a ghostly deep elf blademaster
 36470 | Elf:3    | Noticed a deep elf blademaster
 36480 | Elf:2    | Killed a deep elf blademaster
 36840 | Elf:3    | Identified the +7 morningstar "Widowermaker" {heavy, rElec
                  | rC+ Str+3}
 37039 | Elf:3    | Identified the ring "Hunompuj" {Int+4 Dex+6}
 37076 | Elf:3    | Noticed a Hell Sentinel
 37077 | Elf:3    | Noticed an Ice Fiend
 37081 | Elf:3    | Killed from afar by a Hell Sentinel

Illustrated notes

Levels and vault maps discovered:
D:1:      minmay_arrival_radiant_lines, layout_loops_ring
D:2:      layout_rooms, basic_altar
D:3:      layout_rooms, lightli_temple_of_fire, serial_shops, shop,
          hellmonk_ecumenical_altar_lost_god
D:4:      wad_river_or_something, layout_layer_cave, minmay_temple_entry_trees,
          uniq_sigmund
D:5:      layout_gridville, gammafunk_temple_overflow_elements, serial_shops,
          shop, uniq_prince_ribbit1
D:6:      layout_basic
D:7:      kennysheep_housing_project, layout_loops_ring,
          okawaru_altar_gauntlet_db, marbit_many_paths, grunt_ministairs_1,
          uniq_joseph
D:8:      layout_loops_ring, lemuel_tele_altar, zin_purify
D:9:      layout_big_octagon, nicolae_ru_path_of_blood, kennysheep_mini,
          mainiacjoe_overflow_surrounded_room, nicolae_overflow_hidden_temple,
          dpeg_lair_monsters, eino_small_chamber_without_monster, st_stairs_4,
          onia_ninara_dug_in_and_dangerous
D:10:     layout_grid_maze, kennysheep_ying_yang, mainiacjoe_overflow_24_doors,
          minmay_hollow_rounded_squares, uniq_josephine
D:11:     layout_rooms, kennysheep_orc_monster_closet_entryway,
          serial_corexii_hall, corexii_hall_statues_s,
          corexii_hall_statues_deadend, minmay_radiant
D:12:     nicolae_moon_pools, layout_cave_pools, nicolae_trove_entry_diagonal,
          grunt_livestock, minmay_alternating_orb
D:13:     layout_loops_cross, led_sif_pool
D:14:     minmay_concentric_multi, layout_basic, nicolae_figureground_sparkle,
          gammafunk_ghost_wrathful_warriors, nicolae_hepliaklqana_hippocampus
D:15:     gammafunk_depths_entry_grave, layout_loops_ring, uniq_jorgrun
Lair:1:   layout_small_grid, grunt_forest_large_clearing_hut
Lair:2:   layout_regular_city, spider_nest_entry_web_field,
          gauntlet_entry_generic, beast_lair_carwin_6, serial_bayou_shore_a,
          uniq_erica
Lair:3:   layout_regular_city, swamp_mist_pool, nzn_ghost_randoct,
          nicolae_lair_lil_pond, beast_lair_carwin_9
Lair:4:   layout_cave_pods, kennysheep_abandoned_house, lemuel_fruit_fields
Lair:5:   minmay_lair_end_enchanted_forest, layout_regular_city, slime_entry_1,
          grunt_megastairs_2
Orc:1:    layout_caves, serial_shops, shop
Orc:2:    st_orc_pillars, layout_diamond_mine
Elf:1:    eino_elf_arrival_the_gate, layout_loops_ring, minmay_elf_annihilation
Elf:2:    elven_hall_of_blades_hangedman_original
          [nicolae_vaults_blade_armed_guards], layout_geoelf_diagonals,
          nicolae_shop_i_like_big_books,
          nicolae_elf_vaults_five_recruitment_drive
Elf:3:    grunt_elf_hall_branching, layout_onion_city, st_stairs_10,
          kilobyte_mutagenic_chamber, minmay_shop_grove

Skill      XL: |  1  2  3  4  5  6  7  8  9 10 11 12 13 14 15 16 17 |
---------------+----------------------------------------------------+-----
Axes           | 4 5 6 7 8 10 12 13 15 16 17 18 | 18.8
Fighting       | 4 5 6 7 9 10 11 12 13 14 16 | 16.6
Ranged Weapons | 2 4 6 9 10 12 13 15 16 17 18 | 18.0
Evocations     | 2 4 6 7 8 9 10 | 10.6
Armour         | 3 6 8 10 12 | 12.2
Shields        | 3 8 12 13 | 13.5
Throwing       | 3 |  3.3
Stealth        | 3 |  3.0
Dodging        | 4 |  4.4

Action                     |  1- 3 |  4- 6 |  7- 9 | 10-12 | 13-15 | 16-18 || total
---------------------------+-------+-------+-------+-------+-------+-------++-------
  Melee: Hand axe          |   102 |    47 |   170 |       |       |       ||   319
         Headbutt          |     5 |    16 |    46 |    78 |   120 |    46 ||   311
         Punch             |     1 |       |       |       |     2 |       ||     3
         Flail             |       |    24 |       |       |       |       ||    24
         Battleaxe         |       |       |    67 |   304 |   232 |       ||   603
         Trident           |       |       |       |       |     1 |       ||     1
         Broad axe         |       |       |       |       |   353 |   287 ||   640
   Fire: Longbow           |       |    21 |    96 |    19 |       |       ||   136
         Hand crossbow     |       |       |       |   129 |   480 |   273 ||   882
  Throw: Stone             |     6 |     5 |     1 |     1 |       |       ||    13
         Throwing net      |       |       |     1 |       |       |       ||     1
         Dart              |       |       |     2 |       |    14 |       ||    16
         Boomerang         |       |       |       |       |     4 |     9 ||    13
         Javelin           |       |       |       |       |       |     8 ||     8
 Invoke: Berserk           |     1 |     2 |     5 |     8 |    15 |     6 ||    37
         Trog's Hand       |       |     2 |     6 |    14 |    33 |    14 ||    69
         Brothers in Arms  |       |       |       |       |     2 |       ||     2
  Evoke: Wand              |       |       |     2 |     4 |    12 |     7 ||    25
         Tin of tremorston |       |       |       |       |     7 |     1 ||     8
         Condenser vane    |       |       |       |       |     5 |     3 ||     8
         Phantom mirror    |       |       |       |       |       |     1 ||     1
    Use: Scroll            |     6 |       |     8 |    13 |    15 |    13 ||    55
         Potion            |       |     1 |     2 |     2 |     5 |     5 ||    15
   Stab: Invisible         |       |       |       |       |     7 |       ||     7
         Distracted        |       |       |       |       |     1 |       ||     1
 Armour: Animal skin       |     1 |       |       |       |       |       ||     1
         Ring mail         |    38 |    36 |    94 |       |       |       ||   168
         Plate armour      |       |       |    29 |   309 |   494 |   218 ||  1050
  Dodge: Dodged            |    62 |    42 |   123 |   122 |   203 |    92 ||   644
  Block: Other             |     3 |    16 |    56 |    35 |     1 |       ||   111
         Reflection        |       |       |     2 |       |    10 |    52 ||    64
         Kite shield       |       |       |       |       |   299 |   405 ||   704

Table legend: (Time is in decaauts)
 A = Elapsed time spent in this place.
 B = Non-inter-level travel time spent in this place.
 C = Inter-level travel time spent in this place.
 D = Time resting spent in this place.
 E = Time spent auto-exploring this place.
 F = Levels seen in this place.
 G = Mean time per level.
                   A        B        C        D        E       F      G
               +--------+--------+--------+--------+--------+-----+--------+
         Total |  37910 |  36112 |   1798 |  14467 |  14172 |  26 | 1458.1 |
       Dungeon |  16848 |  15494 |   1354 |   3405 |   8652 |  15 | 1123.2 |
          Lair |   6903 |   6666 |    237 |   1898 |   3422 |   5 | 1380.6 |
  Orcish Mines |   7168 |   7070 |     98 |   5557 |    716 |   2 | 3584.0 |
   Elven Halls |   6388 |   6280 |    108 |   3358 |   1317 |   3 | 2129.3 |
      Gauntlet |    601 |    601 |      0 |    247 |     65 |   1 |  601.0 |
               +--------+--------+--------+--------+--------+-----+--------+

Top non-repeatable levels by time:
   Orc:2: 5392 daAuts
   Elf:1: 2922 daAuts
  Lair:5: 1959 daAuts
   Elf:3: 1799 daAuts
   Orc:1: 1776 daAuts
   Elf:2: 1666 daAuts
     D:4: 1571 daAuts
     D:7: 1540 daAuts
    D:10: 1518 daAuts
  Lair:4: 1446 daAuts
     D:6: 1376 daAuts
  Lair:3: 1345 daAuts
    D:15: 1305 daAuts
    D:12: 1222 daAuts
    D:13: 1190 daAuts
